 Dungeon Crawl Stone Soup version 0.30-a0-1114-gd936c97349 (webtiles) character file.

Game seed: 3790598691587192617

63 BeingJoeMalik the Slasher (level 3, -1/27 HPs)
             Began as a Demonspawn Gladiator on Apr 21, 2023.
             Slain by a cerulean imp
             ... wielding a +0 spear
             ... summoned by Natasha
              (4 damage)
             ... on level 2 of the Dungeon.
             The game lasted 00:03:31 (1318 turns).

BeingJoeMalik the Slasher (Demonspawn Gladiator)    Turns: 1318, Time: 00:03:33

Health: -1/27      AC:  4    Str: 14    XL:     3   Next: 87%
Magic:  3/3        EV: 12    Int:  9    God:
Gold:   117        SH:  0    Dex: 16    Spells: 2/2 levels left

rFire   . . .      SeeInvis .    a - +0 long sword
rCold   . . .      Faith    .    (no shield)
rNeg    . . .      Spirit   .    b - +0 leather armour
rPois   .          Reflect  .    c - +0 helmet
rElec   .          Rampage  .    (no cloak)
rCorr   .                        (no gloves)
Will    .....                    (no boots)
Stlth   +                        (no amulet)
HPRegen 0.24/turn                (no ring)
MPRegen 0.16/turn                (no ring)

@: brilliant, attractive, slowed, studying Throwing, unable to read, very slow
A: claws 1, magic regeneration, hooves 1, inability to read after injury 1
a: no special abilities


You were on level 2 of the Dungeon.
You visited 1 branch of the dungeon, and saw 2 of its levels.

You collected 117 gold pieces.

Inventory:

Hand Weapons
 a - a +0 long sword (weapon)
Missiles
 d - 3 throwing nets (quivered)
 e - a javelin
Armour
 b - a +0 leather armour (worn)
 c - a +0 helmet (worn)
Scrolls
 f - a scroll of noise {unknown}
 g - a scroll of identify {unknown}
 m - 3 scrolls of teleportation {unknown}
 n - a scroll of vulnerability {unknown}
 o - a scroll of butterflies {unknown}
 q - a scroll of enchant weapon {unknown}
Potions
 h - a potion of brilliance
 i - a potion of heal wounds {unknown}
 j - a potion of curing
 p - a potion of haste {unknown}


   Skills:
 - Level 2.0 Fighting
 + Level 4.4 Long Blades
 - Level 1.7 Throwing
 - Level 2.6 Dodging


You had 2 spell levels left.
You didn't know any spells.
Your spell library contained the following spells:

 Spells                   Type           Power      Damage    Failure   Level
 Slow                     Hex            0%         N/A       45%         1
 Confusing Touch          Hex            0%         N/A       83%         3
 Vampiric Draining        Necr           0%         2d6       83%         3
 Vhi's Electric Charge    Tloc/Air       0%         N/A       83%         3
 Arcjolt                  Conj/Air       0%         1d10      100%        5
 Maxwell's Capacitive Co  Air            0%         ∞         100%        8


Dungeon Overview and Level Annotations

Branches:
Dungeon (2/15)

Altars:

Shops:
D:2 (

Annotations:
D:2 Natasha


Innate Abilities, Weirdness & Mutations

You have sharp fingernails.
You regenerate magic rapidly.
You have large cloven feet.
You occasionally lose the ability to read scrolls when taking damage.


Message History

Natasha stares at you and mumbles some strange words.
You feel as though you will be slow longer.
It was a potion of mutation.
You feel extremely strange.
You occasionally lose the ability to read scrolls when taking damage.
Your feet thicken and deform.
Natasha mumbles some strange words.
Natasha misses you.
It was a potion of curing.
You feel better. Natasha closely misses you. The endoplasm hits you.
You barely miss Natasha.
Natasha is lightly wounded.
Natasha mumbles some strange words.
The cerulean imp hits you but does no damage.
The endoplasm hits you but does no damage.
Natasha claws you but does no damage.
The cerulean imp hits you from afar with a +0 spear.
It was a potion of attraction.
You feel attractive to monsters. The endoplasm freezes you.
You are frozen.
Natasha barely misses you. The cerulean imp closely misses you.
The endoplasm freezes you.
You are frozen.
Natasha claws you.
It was a potion of brilliance.
You feel clever all of a sudden.
The cerulean imp hits you but does no damage.
The endoplasm closely misses you. Natasha claws you.
The cerulean imp hits you from afar with a +0 spear.
You hit Natasha. You kick Natasha.
Natasha is heavily wounded.
The endoplasm freezes you.
You are frozen.
Natasha claws you!
You feel threatened and lose the ability to read scrolls!
* * * LOW HITPOINT WARNING * * *
The cerulean imp barely misses you. The endoplasm freezes you.
You are frozen.
* * * LOW HITPOINT WARNING * * *
Natasha barely misses you.
The cerulean imp hits you from afar with a +0 spear.
You die...

##.#
##..#
#..##
##.##
###..#
##...##
##..###
#..##
#@##
#5hJ#
#..##
...>
#####


You could see Natasha, a cerulean imp (summoned) and an endoplasm.

Vanquished Creatures
  Natasha (D:2)
  An adder (D:2)
  A worm (D:2)
  An endoplasm (D:1)
  3 goblins
  7 hobgoblins
  A kobold (D:1)
  A quokka (D:2)
  6 ball pythons
  2 bats (D:1)
  A frilled lizard (D:2)
  A rat (D:1)
26 creatures vanquished.

Notes
Turn   | Place    | Note
-------+----------+-------------------------------------------
     0 | D:1      | BeingJoeMalik the Demonspawn Gladiator began the quest for
                  | the Orb.
     0 | D:1      | Reached XP level 1. HP: 16/16 MP: 1/1
    23 | D:1      | Found a faded altar of an unknown god.
   114 | D:1      | Reached skill level 3 in Long Blades
   334 | D:1      | Gained mutation: You regenerate magic rapidly. [demonic
                  | ancestry]
   334 | D:1      | Reached XP level 2. HP: 22/22 MP: 2/2
   759 | D:2      | Gained mutation: You have sharp fingernails. [demonic
                  | ancestry]
   759 | D:2      | Reached XP level 3. HP: 17/27 MP: 3/3
   840 | D:2      | Found Myubb's Weapon Boutique.
  1117 | D:2      | Reached skill level 4 in Long Blades
  1128 | D:2      | Noticed Natasha
  1135 | D:2      | Killed Natasha
  1309 | D:2      | Noticed Natasha
  1313 | D:2      | Gained mutation: You occasionally lose the ability to read
                  | scrolls when taking damage. [potion of mutation]
  1313 | D:2      | Gained mutation: You have large cloven feet. [potion of
                  | mutation]
  1318 | D:2      | Slain by a cerulean imp

Illustrated notes

Levels and vault maps discovered:
D:1:      scummos_arrival_simple_fountains, layout_loops_ring,
          hellmonk_ecumenical_altar_heavens_door
D:2:      layout_basic, serial_shops, nicolae_shop_tiny_real_fake_doors,
          uniq_natasha

Skill      XL: |  1  2  3 |
---------------+----------+-----
Long Blades    | 3 4 |  4.4
Fighting       | |  2.0
Throwing       | |  1.7
Dodging        | |  2.6

Action                     || total
---------------------------++-------
  Melee: Long sword        ||    77
         Kick              ||     1
    Use: Potion            ||     4
 Armour: Leather armour    ||    17
  Dodge: Dodged            ||    60

Table legend: (Time is in decaauts)
 A = Elapsed time spent in this place.
 B = Non-inter-level travel time spent in this place.
 C = Inter-level travel time spent in this place.
 D = Time resting spent in this place.
 E = Time spent auto-exploring this place.
 F = Levels seen in this place.
 G = Mean time per level.
                   A        B        C        D        E       F      G
               +--------+--------+--------+--------+--------+-----+--------+
         Total |   1340 |   1315 |     25 |    170 |    907 |   2 |  670.0 |
       Dungeon |   1340 |   1315 |     25 |    170 |    907 |   2 |  670.0 |
               +--------+--------+--------+--------+--------+-----+--------+

Top non-repeatable levels by time:
     D:1: 741 daAuts
     D:2: 598 daAuts
